 Dungeon Crawl Stone Soup version 0.23.2-30-g0e89c35649 (webtiles) character file.

Game seed: 3004721257406791002

320 LevaFresel the Bolt Thrower (level 6, -19/37 HPs)
             Began as a Kobold Hunter on June 11, 2019.
             Demolished by an ogre
             ... wielding a +0 giant spiked club
              (25 damage)
             ... on level 5 of the Dungeon.
             The game lasted 00:19:56 (4701 turns).

LevaFresel the Bolt Thrower (Kobold Hunter)         Turns: 4701, Time: 00:19:57

Health: -19/37     AC:  5    Str: 13    XL:     6   Next: 75%
Magic:  6/6        EV: 16    Int: 12    God:
Gold:   167        SH:  0    Dex: 18    Spells: 5/5 levels left

rFire    . . .     SeeInvis .   b - +0 short sword
rCold    . . .     Gourm    .   (shield restricted)
rNeg     . . .     Faith    .   c - +0 leather armour
rPois    .         Spirit   .   (no helmet)
rElec    .         Reflect  .   o - +0 cloak
rCorr    .         Harm     .   (no gloves)
MR       .....                  r - +0 pair of boots
Stlth    ++........             (no amulet)
HPRegen  0.12/turn              p - +4 ring of strength
MPRegen  0.10/turn              (no ring)

@: lethally poisoned (-19 -> -20)
A: small, carnivore
a: no special abilities


You were on level 5 of the Dungeon.
You were very full.

You visited 1 branch of the dungeon, and saw 5 of its levels.

You collected 167 gold pieces.

Inventory:

Hand Weapons
 a - a +1 hand crossbow
 b - a +0 short sword (weapon)
Missiles
 d - 36 bolts
Armour
 c - a +0 leather armour (worn)
 o - a +0 cloak (worn)
 r - a +0 pair of boots (worn)
Jewellery
 p - a +4 ring of strength (left hand)
Scrolls
 e - a scroll of amnesia {unknown}
 h - 2 scrolls of identify
 k - a scroll of enchant weapon {unknown}
 l - a scroll of fear {unknown}
 n - a scroll of blinking {unknown}
 q - a scroll of enchant armour {unknown}
Potions
 g - 4 potions of curing
 i - 3 potions of haste
 j - 4 potions of flight
 m - a potion of brilliance {unknown}
 s - a potion of degeneration {unknown}
Comestibles
 f - 9 rations
 t - 2 chunks of flesh


   Skills:
 + Level 3.2 Fighting
 * Level 4.8 Short Blades
 + Level 6.3 Crossbows
 - Level 1.1 Armour
 + Level 3.2 Dodging
 + Level 2.0 Stealth


You had 5 spell levels left.
You didn't know any spells.
Your spell library was empty.

Dungeon Overview and Level Annotations

Branches:
Dungeon (5/15)
 Temple: D:4-7

Altars:
Fedhas

Annotations:
D:3 3 runed translucent doors, exclusion: door, Brecoman's ghost, amateur MfGl
D:5 Menkaure


Innate Abilities, Weirdness & Mutations

You are small and have problems with some larger weapons.
You are carnivorous and can eat meat at any time.


Message History

The adder is lightly wounded.
The adder completely misses you.
You miss the adder. The adder closely misses you.
The ogre completely misses you.
You closely miss the adder. The adder misses you.
The ogre hits you with a +0 giant spiked club!
You closely miss the adder.
You feel sick.
Menkaure shouts!
The adder bites you but does no damage. The adder completely misses you.
You closely miss the adder. The ogre completely misses you.
The adder closely misses you.
You closely miss the adder. The adder barely misses you.
You hit the adder but do no damage.
The ogre hits you with a +0 giant spiked club!
* * * LOW HITPOINT WARNING * * *
The adder misses you.
You hit the adder but do no damage. The adder bites you but does no damage.
The ogre hits you with a +0 giant spiked club!!
Ouch! That really hurt!
You die...

..# #..##
#####...#
........###
..........####
...$.........
........S.#
......O@#
####.M### ....
.... ..# .


You could see an ogre, Menkaure and an adder.

Vanquished Creatures
  A scorpion (D:4)
  A howler monkey (D:4)
  A hound (D:4)
  2 worker ants (D:4)
  7 adders
  An ooze (D:1)
  A worm (D:3)
  3 dart slugs
  5 leopard geckos
  8 orcs
  6 giant cockroaches
  6 goblins
  6 hobgoblins
  5 jackals
  2 quokkas
  2 ball pythons
  4 bats
  2 frilled lizards (D:1)
  2 kobolds
  4 rats
69 creatures vanquished.

Vanquished Creatures (others)
  2 fungi (D:3)
  2 plants (D:3)
4 creatures vanquished.

Grand Total: 73 creatures vanquished

Notes
Turn   | Place    | Note
-------+----------+-------------------------------------------
     0 | D:1      | LevaFresel the Kobold Hunter began the quest for the Orb.
     0 | D:1      | Reached XP level 1. HP: 12/12 MP: 1/1
    39 | D:1      | Reached skill level 5 in Crossbows
    63 | D:1      | Reached XP level 2. HP: 17/17 MP: 2/2
   433 | D:1      | Reached XP level 3. HP: 21/21 MP: 3/3
   459 | D:1      | Reached skill level 1 in Short Blades
   829 | D:2      | Reached XP level 4. HP: 8/26 MP: 4/4
  2105 | D:3      | Reached XP level 5. HP: 13/31 MP: 5/5
  2690 | D:3      | Found a runed translucent gate.
  2690 | D:3      | Found a runed translucent gate.
  2690 | D:3      | Found a runed translucent gate.
  2692 | D:3      | Noticed Brecoman's ghost (amateur MfGl)
  2693 | D:3      | Noticed a big kobold
  2926 | D:3      | Found a blossoming altar of Fedhas.
  3917 | D:4      | Reached skill level 6 in Crossbows
  3917 | D:4      | Reached skill level 1 in Armour
  3917 | D:4      | Reached XP level 6. HP: 37/37 MP: 6/6
  4654 | D:4      | Noticed an ogre
  4693 | D:5      | Entered Level 5 of the Dungeon
  4693 | D:5      | Noticed Menkaure
  4701 | D:5      | Demolished by an ogre

Skill      XL: |  1  2  3  4  5 |
---------------+----------------+-----
Crossbows      | 5 6 |  6.3
Short Blades   | 2 3 4 |  4.8
Dodging        | 3 |  3.2
Fighting       | 3 |  3.2
Armour         | 1 |  1.1
Stealth        | 2 |  2.0

Action                   |  1- 3 |  4- 6 || total
-------------------------+-------+-------++-------
Melee: Short sword       |   100 |   158 ||   258
 Fire: Hand crossbow     |    13 |    48 ||    61
  Use: Scroll            |       |     4 ||     4
  Eat: Chunk             |     6 |    13 ||    19
Armor: Leather armour    |    34 |    39 ||    73
Dodge: Dodged            |    84 |   171 ||   255
